 Dungeon Crawl Stone Soup version 0.30.0-10-gfe55d96785 (webtiles) character file.

Game seed: 13866915485628792073

571 dialectric the Covered (level 7, -2/53 HPs)
             Began as a Demonspawn Wanderer on May 14, 2023.
             Succumbed to a scorpion's poison
             ... on level 5 of the Dungeon.
             The game lasted 00:08:02 (3471 turns).

dialectric the Covered (Demonspawn Wanderer)        Turns: 3471, Time: 00:08:03

Health: -2/53      AC: 13    Str: 23    XL:     7   Next: 11%
Magic:  7/7        EV: 10    Int: 15    God:
Gold:   131        SH:  0    Dex:  8    Spells: 6/6 levels left

rFire   . . .        q - +4 short sword
rCold   . . .        (no shield)
rNeg    . . .        b - +2 scale mail
rPois   .            u - +0 helmet
rElec   .            (no cloak)
rCorr   .            (no gloves)
SInv    .            (no boots)
Will    .....        (no amulet) Stlth
                     f - +6 ring of strength
HPRegen 0.28/turn    v - ring of flight
MPRegen 0.10/turn

%: no passive effects
@: lethally poisoned (-2 -> -11), flying
A: slimy green scales 2, foul stench 1, weakness stinger 1
a: no special abilities


You were on level 5 of the Dungeon.
You visited 1 branch of the dungeon, and saw 5 of its levels.

You collected 164 gold pieces.
You spent 33 gold pieces at shops.

Inventory:

Hand Weapons
 a - a +0 sling
 d - a +0 dagger
 q - a +4 short sword (weapon)
Missiles
 c - 2 poisoned darts (quivered)
 j - a throwing net
Armour
 b - a +2 scale mail (worn)
 u - a +0 helmet (worn)
Jewellery
 f - a +6 ring of strength (left hand)
 p - a ring of ice
 v - a ring of flight (right hand)
Scrolls
 e - a scroll of fog
 g - 6 scrolls of identify
 i - a scroll of silence {unknown}
 l - a scroll of teleportation
 n - a scroll of enchant weapon {unknown}
 r - 2 scrolls of poison {unknown}
 x - a scroll of acquirement {unknown}
Potions
 h - a potion of flight
 k - a potion of lignification
 m - a potion of haste
 o - a potion of might
 A - a potion of resistance {unknown}


   Skills:
 * Level 3.7 Fighting
 + Level 2.9 Short Blades
 - Level 1.9 Ranged Weapons
 + Level 2.0 Throwing
 + Level 5.7 Armour
 + Level 2.7 Dodging


You had 6 spell levels left.
You didn't know any spells.
Your spell library contained the following spells:

 Spells                   Type           Power      Damage    Failure   Level
 Apportation              Tloc           0%         N/A       54%         1
 Beastly Appendage        Tmut           0%         N/A       54%         1
 Necrotise                Necr           0%         1d4       54%         1
 Summon Small Mammal      Summ           0%         N/A       54%         1
 Scorch                   Fire           0%         2d5       67%         2
 Wereblood                Tmut           0%         N/A       67%         2
 Call Canine Familiar     Summ           0%         N/A       88%         3
 Spider Form              Tmut/Pois      0%         N/A       88%         3
 Summon Guardian Golem    Hex/Summ       0%         N/A       88%         3
 Flame Wave               Conj/Fire      0%         2d4       99%         4
 Summon Cactus Giant      Summ           0%         N/A       100%        6


Dungeon Overview and Level Annotations

Branches:
Dungeon (5/15)
 Temple: D:4-7

Altars:
Sif Muna
Wu Jian

Shops:
D:1 *(!*(

Annotations:
D:3 2 transporters, Mune's ghost, amateur GrFE
D:4 Pikel


Innate Abilities, Weirdness & Mutations

You are mostly covered in slimy green scales. (AC +3)
You may rarely emit foul miasma when damaged in melee.
You have a small tail.


Message History

The sleepcap releases spores at you but does no damage.
The scorpion stings you!!
You wake up.
* * * LOW HITPOINT WARNING * * *
The gnoll barely misses you.
Okay, then.
The black bear attacks as you move away!
The black bear barely misses you.
The black bear claws you but does no damage. x2
The scorpion attacks as you move away! The scorpion closely misses you.
The sleepcap attacks as you move away!
The sleepcap releases spores at you but does no damage.
* * * LOW HITPOINT WARNING * * *
You feel sick.
Unknown command.
You feel better.
The scorpion stings you but does no damage.
The gnoll hits you with a +0 whip.
* * * LOW HITPOINT WARNING * * *
The black bear bites you but does no damage.
The black bear claws you.
* * * LOW HITPOINT WARNING * * *
The black bear barely misses you. The gnoll closely misses you.
The scorpion stings you but does no damage.
Unknown command.
The scorpion attacks as you move away! The scorpion stings you.
* * * LOW HITPOINT WARNING * * *
You are lethally poisoned!
The scorpion poisons you!
The black bear attacks as you move away!
The black bear bites you but does no damage.
The black bear claws you but does no damage.
The black bear barely misses you.
* * * LOW HITPOINT WARNING * * *
You feel very sick.
Unknown command.
As you read the scroll labelled YGIMUA QYDIUGH, it crumbles to dust.
You assume a fearsome visage.
The gnoll looks frightened! x2
The black bear looks frightened!
The scorpion looks frightened!
It was a scroll of fear.
You die...

..............# ..
#.##..........##...
..##..##..........#...
..........$....#.......
...............#.......
......#........#.......
......##g.s†......#....
#.....g.h....).....#
#....(.##@......###
#..(..f.#.##...####
................<...#
..........(..........#
....#......(............
...(#...............#...
##. .....##.........# ..
. ...##.###........# .
#.........


You could see a black bear (fleeing), a scorpion (fleeing) and 2 gnolls.

Vanquished Creatures
  Grinder (D:3)
  A lemure (D:3)
  2 howler monkeys
  2 orc priests
  An iguana (D:4)
  Natasha (thrice) (D:2)
  3 gnolls (D:3)
  5 adders
  3 dart slugs
  4 orcs
  6 ball pythons
  4 bats
  5 endoplasms
  5 giant cockroaches
  4 goblins
  5 hobgoblins
  2 kobolds (D:3)
  A quokka (D:1)
  5 frilled lizards
  5 rats
67 creatures vanquished.

Notes
Turn   | Place    | Note
-------+----------+-------------------------------------------
     0 | D:1      | dialectric the Demonspawn Wanderer began the quest for the
                  | Orb.
     0 | D:1      | dialectric set off with the following items: a +0 sling, a
                  | +2 scale mail, 11 poisoned darts, a +0 dagger, a scroll of
                  | fog.
     0 | D:1      | Reached XP level 1. HP: 13/13 MP: 1/1
    30 | D:1      | Found Hivoubuk's Weapon Shoppe.
   100 | D:1      | Found Wihufem's Distillery.
   263 | D:1      | Gained mutation: You have a small tail. [demonic ancestry]
   263 | D:1      | Reached XP level 2. HP: 17/19 MP: 2/2
   340 | D:1      | Reached skill level 1 in Short Blades
   390 | D:1      | Found Wooxiyxa's General Store.
   401 | D:1      | Reached skill level 4 in Armour
   416 | D:1      | Bought a scroll of teleportation for 33 gold pieces
   450 | D:1      | Found Izuettyi's Antique Weapon Boutique.
   505 | D:1      | Found Voh Emy's General Store.
   939 | D:2      | Gained mutation: You are partially covered in slimy green
                  | scales. (AC +2) [demonic ancestry]
   939 | D:2      | Reached XP level 3. HP: 24/24 MP: 3/3
  1364 | D:2      | Noticed Natasha
  1374 | D:2      | Killed Natasha
  1375 | D:2      | Reached skill level 1 in Fighting
  1486 | D:2      | Noticed Natasha
  1494 | D:2      | Killed Natasha
  1495 | D:2      | Reached XP level 4. HP: 22/32 MP: 4/4
  1538 | D:2      | Noticed Natasha
  1548 | D:2      | Killed Natasha
  1634 | D:3      | Reached skill level 5 in Armour
  1677 | D:3      | Noticed Grinder
  1731 | D:3      | Reached XP level 5. HP: 32/38 MP: 5/5
  1781 | D:3      | Paralysed by Grinder for 3 turns
  1806 | D:3      | Paralysed by Grinder for 2 turns
  1823 | D:3      | Paralysed by Grinder for 5 turns
  1832 | D:3      | Paralysed by Grinder for 2 turns
  1839 | D:3      | Paralysed by Grinder for 4 turns
  1848 | D:3      | Killed Grinder
  1849 | D:3      | Gained mutation: You are mostly covered in slimy green
                  | scales. (AC +3) [demonic ancestry]
  1849 | D:3      | Reached XP level 6. HP: 17/46 MP: 6/6
  2077 | D:3      | Noticed a small abomination
  2150 | D:3      | Found a transporter.
  2152 | D:3      | Noticed a toenail golem
  2346 | D:3      | Noticed Mune's ghost (amateur GrFE)
  2363 | D:3      | Found a transporter.
  2736 | D:3      | Found an ornate altar of the Wu Jian Council.
  3194 | D:4      | Found a shimmering blue altar of Sif Muna.
  3208 | D:4      | Gained mutation: You may rarely emit foul miasma when
                  | damaged in melee. [demonic ancestry]
  3208 | D:4      | Reached XP level 7. HP: 52/52 MP: 7/7
  3260 | D:4      | Noticed Pikel
  3423 | D:5      | Entered Level 5 of the Dungeon
  3467 | D:5      | HP: 2/53 [poisoned by a scorpion]
  3471 | D:5      | Succumbed to a scorpion's poison

Illustrated notes

Levels and vault maps discovered:
D:1:      tarquinn_simple_flora_water_d, layout_loops_ring, serial_shops, shop,
          nicolae_shop_temple_entry_statues_fountains, shop, shop_fountains,
          shop
D:2:      layout_basic, uniq_natasha
D:3:      layout_basic, nzn_wu_jian_contemplation,
          gammafunk_ghost_abyssal_escape, uniq_grinder
D:4:      layout_rooms, led_sif_book, kennysheep_generic_room_12, uniq_pikel
D:5:      layout_cave_pools, minmay_temple_entry_statues_pillars, serial_shops,
          shop

Skill      XL: |  1  2  3  4  5  6  7 |
---------------+----------------------+-----
Short Blades   | 1 2 |  2.9
Armour         | 4 5 |  5.7
Fighting       | 1 2 3 |  3.7
Dodging        | 2 |  2.7
Throwing       | 2 |  2.0
Ranged Weapons | |  1.9

Action                     |  1- 3 |  4- 6 |  7- 9 || total
---------------------------+-------+-------+-------++-------
  Melee: Dagger            |   120 |       |       ||   120
         Short sword       |    43 |   175 |    30 ||   248
         Tailslap          |    12 |    20 |     3 ||    35
         Punch             |     1 |     1 |       ||     2
   Fire: Sling             |       |     2 |       ||     2
  Throw: Dart              |       |    10 |    11 ||    21
    Use: Potion            |       |     8 |     1 ||     9
         Scroll            |       |     1 |     3 ||     4
 Armour: Scale mail        |    70 |    61 |    26 ||   157
         Skin              |       |    12 |       ||    12
  Dodge: Dodged            |    72 |    85 |    21 ||   178
